 Dungeon Crawl Stone Soup version 0.28-a0-1312-g71652a0 (webtiles) character file.

Game seed: 17955566430692077250

15465 Dorkslayer the Carver (level 12, -9/94 HPs)
             Began as a Demonspawn Fighter on Dec 27, 2021.
             Was an Initiate of Gozag.
             Mangled by a phantasmal warrior (26 damage)
             ... led by a death knight
             ... on level 11 of the Dungeon.
             The game lasted 00:44:42 (9491 turns).

Dorkslayer the Carver (Demonspawn Fighter)          Turns: 9491, Time: 00:44:43

Health: -9/94      AC: 18    Str: 27    XL:     12   Next: 1%
Magic:  12/12      EV:  7    Int: 11    God:    Gozag
Gold:   514        SH: 15    Dex: 13    Spells: 11/11 levels left

rFire   . . .      SeeInvis .   t - +1 scimitar (protect)
rCold   + . .      Faith    .   g - +0 kite shield
rNeg    . . .      Spirit   .   m - +0 plate armour
rPois   .          Reflect  +   q - +0 helmet
rElec   +          Harm     .   x - +1 cloak of Ennui {rElec Str+3}
rCorr   +          Rampage  .   (gloves unavailable)
Will    .....                   z - +0 pair of boots
Stlth   ..........              r - amulet of reflection
HPRegen 0.25/turn               N - +6 ring of slaying
MPRegen 0.13/turn               H - ring "Qirarona" {rElec rC+ rCorr Str+4}

@: weak-willed, hasted, very quick
A: powered by death 1, spiny 2, demonic touch 3
a: Renounce Religion, Potion Petition, Call Merchant, Bribe Branch


You were on level 11 of the Dungeon.
You worshipped Gozag.
Gozag was pleased with you.
You visited 2 branches of the dungeon, and saw 12 of its levels.
You also visited: Sewer, Ossuary and Bailey.

You collected 2511 gold pieces.
You spent 1869 gold pieces at shops.
You paid 128 gold pieces to Gozag.

Inventory:

Hand Weapons
 a - a +0 long sword
 t - a +1 scimitar of protection (weapon)
Missiles
 k - 76 poisoned darts
 l - 2 curare-tipped darts
 C - 29 boomerangs (quivered)
Armour
 g - a +0 kite shield (worn)
 m - a +0 plate armour (worn)
 q - a +0 helmet (worn)
 x - the +1 cloak of Ennui (worn) {rElec Str+3}
   (You acquired it in a sewer)

   Str:       It affects your strength (+3).
   rElec:     It insulates you from electricity.
 z - a +0 pair of boots (worn)
Jewellery
 r - an amulet of reflection (around neck)
 H - the ring "Qirarona" (right hand) {rElec rC+ rCorr Str+4}
   (You acquired it in a bailey)

   [ring of resist corrosion]

   Str:       It affects your strength (+4).
   rC:        It protects you from cold.
   rElec:     It insulates you from electricity.
   rCorr:     It protects you from acid and corrosion.
 N - a +6 ring of slaying (left hand)
Wands
 b - a wand of polymorph (6)
 p - a wand of acid (4)
 B - a wand of charming (3)
Scrolls
 e - a scroll of blinking
 n - 3 scrolls of fog
 u - 5 scrolls of teleportation
 w - a scroll of summoning
 A - a scroll of immolation
 I - 2 scrolls of enchant weapon
 L - a scroll of magic mapping
Potions
 c - a potion of invisibility
 d - 3 potions of mutation
 h - a potion of berserk rage
 i - 2 potions of attraction
 o - 5 potions of flight
 s - a potion of lignification
 D - 2 potions of might
 F - a potion of cancellation
 G - a potion of haste
 J - 2 potions of brilliance {unknown}
 K - a potion of magic
Miscellaneous
 j - a phantom mirror


   Skills:
 * Level 8.7 Fighting
 + Level 10.0 Long Blades
 + Level 4.8 Throwing
 + Level 7.3 Armour
 + Level 3.4 Dodging
 + Level 2.5 Stealth
 + Level 7.3 Shields
 * Level 7.6 Evocations


You had 11 spell levels left.
You didn't know any spells.
Your spell library contained the following spells:

 Spells                   Type           Power      Damage    Failure   Level
 Animate Skeleton         Necr           0%         N/A       100%        1
 Apportation              Tloc           0%         N/A       100%        1
 Magic Dart               Conj           0%         1d3       100%        1
 Pain                     Necr           0%         1d4       100%        1
 Summon Small Mammal      Summ           0%         N/A       100%        1
 Call Imp                 Summ           0%         N/A       100%        2
 Static Discharge         Conj/Air       0%         N/A       100%        2
 Call Canine Familiar     Summ           0%         N/A       100%        3
 Mephitic Cloud           Conj/Pois/Air  0%         N/A       100%        3
 Portal Projectile        Hex/Tloc       0%         N/A       100%        3
 Vampiric Draining        Necr           0%         2d6       100%        3
 Animate Dead             Necr           0%         N/A       100%        4
 Leda's Liquefaction      Hex/Erth       0%         N/A       100%        4
 Blade Hands              Tmut           0%         N/A       100%        5
 Irradiate                Conj/Tmut      0%         3d13      100%        5
 Lightning Bolt           Conj/Air       0%         1d11      100%        5
 Dragon Form              Tmut           0%         N/A       100%        7
 Haunt                    Necr/Summ      0%         N/A       100%        7
 Infestation              Necr           0%         N/A       100%        8
 Maxwell's Capacitive Co  Air            0%         ∞         100%        8


Dungeon Overview and Level Annotations

Branches:
Dungeon (11/15)            Temple (1/1) D:5            Lair (0/6) D:10
  Sewer (visited)         Ossuary (visited)          Bailey (visited)
    Orc: D:9-12

Altars:
Ashenzari
Cheibriados
Dithmenos
Elyvilon
Fedhas
Gozag
Hepliaklqana
Kikubaaqudgha
Makhleb
Nemelex Xobeh
Okawaru
Qazlal
Ru
Sif Muna
Trog
Uskayaw
Vehumet
Wu Jian
Xom
Yredelemnul
Zin
The Shining One

Shops:
D:2 :   D:3 =   D:6 (


Innate Abilities, Weirdness & Mutations

You regenerate a little health from kills.
You are mostly covered in sharp spines.
Your touch may irresistibly damage your foes and sap their willpower.


Message History

You barely miss the death knight.
The death knight is moderately wounded.
The death knight invokes the aid of Yredelemnul against you.
Your body is wracked with pain!
* * * LOW HITPOINT WARNING * * *
As you read the scroll of summoning, it crumbles to dust.
Wisps of shadow whirl around you...
The phantasmal warrior hits your two-headed ogre!!
The death knight offers itself to Yredelemnul, and fills with unholy energy.
You swap places.
The phantasmal warrior hits you!!
* * * LOW HITPOINT WARNING * * *
Your willpower is stripped away!
The death knight hits your two-headed ogre with a +3 great sword!
You are too injured to fight recklessly!
You are too injured to fight recklessly!
You feel much better.
You block the phantasmal warrior's attack.
The death knight hits your two-headed ogre with a +3 great sword!!
Your two-headed ogre dies!
Your two-headed ogre's corpse dissolves into shadows!
Aiming: Corrosive Bolt
Press: ? - help, Shift-Dir - straight line The bolt of acid hits the death knight!
The death knight is heavily wounded.
The bolt of acid misses the freezing wraith. x2
The death knight reflects your damage back at you!
* * * LOW HITPOINT WARNING * * *
The phantasmal warrior hits you!!
* * * LOW HITPOINT WARNING * * *
Okay, then.
You feel much better.
You block the phantasmal warrior's attack.
The death knight calls down the wrath of Yredelemnul upon you.
Your body is wracked with pain!
* * * LOW HITPOINT WARNING * * *
You feel yourself speed up.
The phantasmal warrior is struck by your spines.
The phantasmal warrior hits you!!
You die...
Your body crumbles into a pile of gold.

#.# #.# ##.###
#.. #.# #.#
#...#.... #.# #.#
#...#... #.# #.#
###[....### #.#
#.. ..........
#.# ### #......#
#.# #......#
#.###########...#
#......W@pWW$o.##
##############.#
.# .# .# .# .#


You could see a death knight (reflects damage), a phantasmal warrior, 2 freezing
wraiths and an orc.

Vanquished Creatures
  An orc warlord (Bailey)
  2 two-headed ogres
  The ghost of Dega the Cleaver, a novice OpFi of Yredelemnul (D:8)
  Maurice (D:9)
  A kobold demonologist (D:9)
  2 trolls (D:10)
  Sigmund (D:3)
  A vampire (D:9)
  2 wyverns (D:9)
  4 yaks (D:9)
  A steam dragon (D:9)
  2 wargs (D:10)
  A water moccasin (D:7)
  5 orc warriors
  3 sky beasts
  An ice beast (D:7)
  A black bear (D:7)
  2 necrophages
  3 ogres
  4 centaurs
  A phantom (D:6)
  6 kobold brigands
  2 elf zombies (D:8)
  A gnoll sergeant (D:5)
  3 bullfrogs
  2 elf skeletons (D:8)
  A scorpion (D:6)
  A water moccasin zombie (D:7)
  2 wyvern skeletons (D:7)
  A water moccasin skeleton (D:6)
  11 killer bees
  13 wights
  A howler monkey (D:5)
  8 centaur zombies
  5 hounds
  A gnoll shaman (D:3)
  An orc priest (D:10)
  A centaur skeleton (D:6)
  A jelly (D:6)
  3 bullfrog skeletons
  7 orc wizards
  5 iguanas
  A scorpion zombie (D:5)
  A killer bee zombie (D:7)
  3 hound skeletons (D:4)
  6 mummies (Ossuary)
  4 howler monkey zombies
  Robin (D:4)
  13 gnolls
  2 river rats (Sewer)
  11 adders
  5 dart slugs
  22 orcs
  8 endoplasms
  8 giant cockroaches
  24 goblins
  13 hobgoblins
  2 jackals (D:3)
  20 kobolds
  6 quokkas
  11 ball pythons
  2 bats
  5 frilled lizards
  4 hobgoblin zombies (Ossuary)
  A kobold zombie (D:9)
  An orc skeleton (D:8)
  An orc zombie (D:8)
  10 rats
  A spectral goblin (D:2)
302 creatures vanquished.

Vanquished Creatures (collateral kills)
  The ghost of mbeke the Thaumaturge, a novice DjFE of Hepliaklqana (D:8)
1 creature vanquished.

Vanquished Creatures (others)
  7 fungi (D:3)
  4 plants
  6 withered plants (D:8)
17 creatures vanquished.

Grand Total: 320 creatures vanquished

Notes
Turn   | Place    | Note
-------+----------+-------------------------------------------
     0 | D:1      | Dorkslayer the Demonspawn Fighter began the quest for the
                  | Orb.
     0 | D:1      | Reached XP level 1. HP: 18/18 MP: 1/1
   182 | D:1      | Gained mutation: You regenerate a little health from kills.
                  | [demonic ancestry]
   182 | D:1      | Reached XP level 2. HP: 24/24 MP: 2/2
   248 | D:1      | Reached skill level 2 in Long Blades
   462 | D:2      | Found Latestu's Book Shoppe.
   653 | D:2      | Reached XP level 3. HP: 29/29 MP: 3/3
   920 | D:2      | Found a faded altar of an unknown god.
  1210 | D:3      | Noticed Sigmund
  1224 | D:3      | Killed Sigmund
  1225 | D:3      | Reached skill level 3 in Long Blades
  1225 | D:3      | Reached skill level 1 in Dodging
  1225 | D:3      | Reached XP level 4. HP: 23/37 MP: 4/4
  1225 | D:3      | Reached XP level 5. HP: 26/42 MP: 5/5
  1305 | D:3      | Reached XP level 6. HP: 48/48 MP: 6/6
  1387 | D:3      | Found Ashaps's One-of-a-Kind Rings.
  1594 | D:3      | Found a blossoming altar of Fedhas.
  2066 | D:4      | Reached skill level 4 in Long Blades
  2086 | D:4      | Identified a scroll of acquirement
  2086 | D:4      | Acquired a +1 pair of gloves of hurling
  2113 | D:4      | Noticed Robin
  2173 | D:4      | Killed Robin
  2674 | D:4      | Found an ornate altar of the Wu Jian Council.
  2750 | D:5      | Entered Level 5 of the Dungeon
  2788 | D:4      | Reached skill level 1 in Throwing
  2788 | D:4      | Gained mutation: You are partially covered in sharp spines.
                  | [demonic ancestry]
  2788 | D:4      | Reached XP level 7. HP: 15/54 MP: 7/7
  2881 | D:5      | Found a staircase to the Ecumenical Temple.
  2891 | Temple   | Entered the Ecumenical Temple
  3171 | D:5      | Reached skill level 5 in Long Blades
  3340 | D:5      | Found a shadowy altar of Dithmenos.
  3385 | D:5      | Reached XP level 8. HP: 61/61 MP: 8/8
  3681 | D:6      | Found a glowing drain.
  3691 | Sewer    | Entered a sewer
  3814 | Sewer    | Reached skill level 6 in Long Blades
  3985 | Sewer    | Reached skill level 5 in Fighting
  3994 | Sewer    | Reached skill level 5 in Armour
  4129 | Sewer    | Acquired the +1 cloak of Ennui {rElec Str+3}
  4303 | D:6      | Reached skill level 1 in Evocations
  4429 | D:6      | Found Lynueph's Weapon Emporium.
  4618 | D:6      | Gained mutation: You are mostly covered in sharp spines.
                  | [demonic ancestry]
  4618 | D:6      | Reached XP level 9. HP: 67/68 MP: 9/9
  4641 | D:6      | Reached skill level 7 in Long Blades
  4906 | D:7      | Found an opulent altar of Gozag.
  4920 | D:7      | Became a worshipper of Gozag Ym Sagoz the Greedy
  4976 | D:7      | Found a flagged portal.
  5001 | Bailey   | Entered a bailey
  5006 | Bailey   | Noticed an orc warlord
  5064 | Bailey   | Found a runed translucent gate.
  5080 | Bailey   | Found a runed translucent gate.
  5082 | Bailey   | Found a runed translucent gate.
  5332 | Bailey   | Acquired the ring "Qirarona" {rElec rC+ rCorr Str+4}
  5335 | Bailey   | Acquired 860 gold pieces
  5354 | Bailey   | Reached skill level 1 in Stealth
  5453 | Bailey   | Killed an orc warlord
  5454 | Bailey   | Reached skill level 8 in Long Blades
  5484 | Bailey   | Reached skill level 9 in Long Blades
  5484 | Bailey   | Reached skill level 5 in Shields
  5484 | Bailey   | Gained mutation: Your touch may inflict minor irresistible
                  | damage on your foes. [demonic ancestry]
  5484 | Bailey   | Reached XP level 10. HP: 44/79 MP: 10/10
  5799 | D:7      | Gained mutation: Your touch may inflict irresistible damage
                  | on your foes. [demonic ancestry]
  5799 | D:7      | Reached XP level 11. HP: 51/84 MP: 11/11
  6009 | D:7      | Found a shimmering altar of Xom.
  6252 | D:8      | Found a burning altar of Makhleb.
  6280 | D:8      | Found a runed translucent gate.
  6282 | D:8      | Found a runed translucent gate.
  6282 | D:8      | Found a runed translucent gate.
  6286 | D:8      | Noticed mbeke's ghost (novice DjFE)
  6286 | D:8      | Noticed Dega's ghost (novice OpFi)
  6414 | D:8      | Found a sand-covered staircase.
  6424 | Ossuary  | Entered an ossuary
  6868 | D:8      | Killed mbeke's ghost
  6870 | D:8      | Killed Dega's ghost
  7102 | D:9      | Found the +2 ratskin cloak {*Rats rPois rN+ Str-1 Int-1
                  | Dex+1}
  7408 | D:9      | Found a runed translucent door.
  7412 | D:9      | Found a basalt altar of Yredelemnul.
  7479 | D:9      | Noticed Maurice
  7494 | D:9      | Killed Maurice
  7546 | D:9      | Noticed a two-headed ogre
  7555 | D:9      | Killed a two-headed ogre
  8004 | D:10     | Entered Level 10 of the Dungeon
  8207 | D:10     | Found a staircase to the Lair.
  8332 | D:3      | Bought a +6 ring of slaying for 1869 gold pieces
  8594 | D:10     | Noticed a two-headed ogre
  8602 | D:10     | Killed a two-headed ogre
  8603 | D:10     | Reached skill level 10 in Long Blades
  9463 | D:11     | Gained mutation: Your touch may irresistibly damage your
                  | foes and sap their willpower. [demonic ancestry]
  9463 | D:11     | Reached XP level 12. HP: 85/94 MP: 12/12
  9471 | D:11     | Noticed a death knight
  9489 | D:11     | HP: 2/94 [phantasmal warrior[a death knight] (21)]
  9491 | D:11     | Mangled by a phantasmal warrior

Illustrated notes

Levels and vault maps discovered:
D:1:      minmay_arrival_four_houses, layout_rooms
D:2:      layout_basic, serial_shops, nicolae_shop_stone,
          dreamdust_ecumenical_altar_drowned_temple, serial_bayou_lagoon_b
D:3:      layout_basic, fedhas_altar_3, nicolae_shop_unique_rings, uniq_sigmund
D:4:      layout_gridville, nicolae_wu_jian_immortal_techniques,
          nicolae_tso_carved_into_rock, grunt_decor_mini_mirrors, uniq_robin
D:5:      kennysheep_big_flooded_room, layout_rooms, zin_academy,
          nicolae_dithmenos_the_darkroom, minmay_temple_entry_waves
D:6:      layout_rooms, serial_shops, shop, portal_sewer_entry_f,
          minmay_misc_feat_secret_circle, minivault_10, corexii_leaking_fountain
D:7:      layout_rooms, xom_confusion_cloud, lemuel_doored_altar, enter_bailey_4
D:8:      layout_cave_pools, overflow_temple_1_default,
          nicolae_ossuary_entry_catacombs, gammafunk_ghost_cemetery
D:9:      layout_irregular_city, dk_yredelemnul_ordeal, uniq_maurice
D:10:     layout_grid_maze, erik_lair_orcish_takeover, nrook_campfire
D:11:     layout_loops_ring, serial_shops, shop, pond
Temple:   oiseaux_autumnal_temple

Skill      XL: |  1  2  3  4  5  6  7  8  9 10 11 |
---------------+----------------------------------+-----
Long Blades    | 2 3 4 5 6 9 10 | 10.0
Armour         | 3 4 5 6 7 |  7.3
Shields        | 3 4 5 7 |  7.3
Dodging        | 1 3 |  3.4
Fighting       | 4 5 7 8 |  8.7
Throwing       | 1 2 3 4 |  4.8
Evocations     | 2 6 7 |  7.6
Stealth        | 2 |  2.5

Action                   |  1- 3 |  4- 6 |  7- 9 | 10-12 || total
-------------------------+-------+-------+-------+-------++-------
Melee: Long sword        |   106 |   131 |       |       ||   237
       Scimitar          |       |    47 |   298 |   323 ||   668
Throw: Dart              |       |     2 |    12 |     4 ||    18
       Boomerang         |       |       |       |     7 ||     7
Evoke: Wand              |       |       |     5 |     8 ||    13
  Use: Potion            |     1 |       |    11 |     3 ||    15
       Scroll            |       |     6 |     8 |     8 ||    22
 Stab: Invisible         |       |       |     4 |       ||     4
       Paralysed         |       |       |     2 |       ||     2
       Distracted        |       |       |     1 |     4 ||     5
Armor: Scale mail        |    41 |       |       |       ||    41
       Plate armour      |    11 |   197 |   200 |   166 ||   574
Dodge: Dodged            |    41 |    68 |    53 |    62 ||   224
Block: Buckler           |    16 |    45 |    13 |       ||    74
       Kite shield       |       |       |   167 |   293 ||   460
       Reflection        |       |       |     8 |    16 ||    24

Table legend: (Time is in decaauts)
 A = Elapsed time spent in this place.
 B = Non-inter-level travel time spent in this place.
 C = Inter-level travel time spent in this place.
 D = Time resting spent in this place.
 E = Time spent auto-exploring this place.
 F = Levels seen in this place.
 G = Mean time per level.
                   A        B        C        D        E       F      G
               +--------+--------+--------+--------+--------+-----+--------+
         Total |   9950 |   9761 |    189 |    423 |   1750 |  15 |  663.3 |
       Dungeon |   8107 |   7918 |    189 |    301 |   1542 |  11 |  737.0 |
        Temple |    179 |    179 |      0 |      0 |      0 |   1 |  179.0 |
         Sewer |    833 |    833 |      0 |      0 |      0 |   1 |  833.0 |
       Ossuary |    110 |    110 |      0 |      0 |      0 |   1 |  110.0 |
        Bailey |    720 |    720 |      0 |    122 |    207 |   1 |  720.0 |
               +--------+--------+--------+--------+--------+-----+--------+

Top non-repeatable levels by time:
     D:3: 1213 daAuts
     D:9: 1119 daAuts
    D:10: 1029 daAuts
   Sewer: 833 daAuts
     D:4: 814 daAuts
     D:7: 737 daAuts
  Bailey: 720 daAuts
     D:5: 701 daAuts
     D:2: 688 daAuts
     D:6: 671 daAuts
     D:8: 597 daAuts
     D:1: 416 daAuts
  Temple: 179 daAuts
    D:11: 117 daAuts
 Ossuary: 110 daAuts
